 Dungeon Crawl Stone Soup version 0.30-a0-723-gc1506a1cf0 (webtiles) character file.

Game seed: 6300593509461950694

45 hbarley the Chiller (level 3, -1/26 HPs)
             Began as a Ghoul Wanderer on Jan 28, 2023.
             Slain by a gnoll
             ... wielding a +0 halberd
              (3 damage)
             ... on level 2 of the Dungeon.
             The game lasted 00:04:49 (1509 turns).

hbarley the Chiller (Ghoul Wanderer)                Turns: 1509, Time: 00:04:50

Health: -1/26      AC: 10    Str: 14    XL:     3   Next: 64%
Magic:  4/4        EV:  3    Int:  9    God:
Gold:   56         SH:  0    Dex:  9    Spells: 5/5 levels left

rFire   . . .      SeeInvis .      - Unarmed
rCold   + . .      Faith    .    (no shield)
rNeg    + + +      Spirit   .    f - +0 plate armour
rPois   ∞          Reflect  .    (no helmet)
rElec   .          Harm     .    (no cloak)
rCorr   .          Rampage  .    (no gloves)
Will    .....                    (no boots) Stlth
                                 (no amulet)
HPRegen 0.00/turn                (no ring)
MPRegen 0.09/turn                (no ring)

@: inhibited regen
A: claws 1, cold resistance 1, negative energy resistance 3, inhibited
regeneration, torment resistance 2, devour on kill
a: no special abilities


You were on level 2 of the Dungeon.
You visited 1 branch of the dungeon, and saw 2 of its levels.

You collected 56 gold pieces.

Inventory:

Hand Weapons
 a - a +0 dagger
Missiles
 b - 12 poisoned darts (quivered)
Armour
 d - a +0 leather armour
 f - a +0 plate armour (worn)
Jewellery
 q - a +4 ring of protection
Scrolls
 h - a scroll of identify {unknown}
 i - a scroll of fog {unknown}
 l - a scroll of noise {unknown}
 m - 2 scrolls of teleportation {unknown}
 o - a scroll of brand weapon {unknown}
 p - a scroll of amnesia {unknown}
Potions
 c - 2 potions of curing
 e - a potion of flight {unknown}
 g - a potion of berserk rage {unknown}
 j - 2 potions of heal wounds {unknown}
 k - a potion of degeneration {unknown}
 n - 2 potions of lignification {unknown}
 r - a potion of ambrosia {unknown}


   Skills:
 + Level 0.1 Fighting
 + Level 1.7 Throwing
 + Level 1.0 Armour
 * Level 2.0 Unarmed Combat
 + Level 1.8 Spellcasting
 + Level 1.8 Summonings
 + Level 4.9 Ice Magic


You had 5 spell levels left.
You didn't know any spells.
Your spell library contained the following spells:

 Spells                   Type           Power      Damage    Failure   Level
 Freeze                   Ice            36%        1d5       99%         1
 Summon Small Mammal      Summ           16%        N/A       100%        1
 Ensorcelled Hibernation  Hex/Ice        10%        N/A       100%        2
 Call Canine Familiar     Summ           4%         N/A       100%        3
 Ozocubu's Armour         Ice            9%         N/A       100%        3
 Tukima's Dance           Hex            0%         N/A       100%        3
 Passage of Golubria      Tloc           0%         N/A       100%        4
 Yara's Violent Unravell  Hex/Tmut       0%         3d3       100%        5


Dungeon Overview and Level Annotations

Branches:
Dungeon (2/15)

Altars:

Shops:
D:1 ?


Innate Abilities, Weirdness & Mutations

You are immune to poison.
You have sharp fingernails.
Your flesh is cold resistant. (rC+)
You are immune to negative energy. (rN+++)
You do not regenerate when monsters are visible.
You are immune to unholy pain and torment.
You thrive by killing the living.


Message History

The dart slug bites you but does no damage.
You scratch the dart slug but do no damage.
The dart slug is heavily wounded.
The dart slug barely misses you.
You scratch the dart slug.
You kill the dart slug!
You feel better.
You see here a dart slug corpse.
j - 2 clear potions (gained 1)
A hobgoblin comes into view.
The hobgoblin hits you but does no damage.
You closely miss the hobgoblin. The hobgoblin barely misses you.
You scratch the hobgoblin.
You kill the hobgoblin!
Your Armour skill increases to level 1!
You see here a hobgoblin corpse.
A kobold comes into view. It is wielding a +0 short sword.
The kobold shouts!
You closely miss the kobold. The kobold hits you but does no damage.
You barely miss the kobold. The kobold hits you but does no damage.
You scratch the kobold.
You kill the kobold!
Your Unarmed Combat skill increases to level 2!
Things that are here:
a +0 short sword; a kobold corpse 3 gnolls come into view.
A gnoll is wielding a +1 whip of venom.
The gnoll shouts! x2; You hear a shout!
You hear an angry hiss.
You closely miss the gnoll. The gnoll hits you with a +0 club.
You closely miss the gnoll.
The gnoll hits you from afar with a +0 halberd!
The gnoll hits you with a +0 halberd. The gnoll hits you but does no damage.
You scratch the gnoll but do no damage. The gnoll hits you with a +0 halberd!
* * * LOW HITPOINT WARNING * * *
The gnoll hits you but does no damage.
You scratch the gnoll.
The gnoll is heavily wounded.
You barely miss the gnoll.
The gnoll is heavily wounded.
The gnoll hits you with a +0 halberd.
You die...

### ##.## # ##...## ##
#. #.....# ##.
####.#####...## #####.#
#.......###.######..).##
#...g...........###.#
####@###.########....
#g###+## #.#.. .g##...##
#...# ####.....## ##.##
##.......## ##.##
.##.........####...#
..'.........'.†.....
#.........####...#
##.......##.......


You could see 3 gnolls.

Vanquished Creatures
  2 dart slugs
  3 ball pythons (D:1)
  5 endoplasms
  3 giant cockroaches
  3 goblins (D:1)
  4 hobgoblins
  2 kobolds
  2 quokkas (D:1)
  5 bats
  2 frilled lizards (D:1)
  4 rats
35 creatures vanquished.

Notes
Turn   | Place    | Note
-------+----------+-------------------------------------------
     0 | D:1      | hbarley the Ghoul Wanderer began the quest for the Orb.
     0 | D:1      | hbarley set off with the following items: a +0 dagger, 12
                  | poisoned darts, a potion of curing, a +0 leather armour;
                  | and the following spells available to memorise: Freeze,
                  | Summon Small Mammal, Ozocubu's Armour, Ensorcelled
                  | Hibernation, Call Canine Familiar.
     0 | D:1      | Reached XP level 1. HP: 14/14 MP: 2/2
   283 | D:1      | Reached XP level 2. HP: 2/20 MP: 3/3
   364 | D:1      | Found The Oracle's Delphic Readings.
   385 | D:1      | Reached skill level 1 in Unarmed Combat
   679 | D:1      | Reached XP level 3. HP: 26/26 MP: 4/4
  1479 | D:2      | Reached skill level 1 in Armour
  1509 | D:2      | Slain by a gnoll

Illustrated notes

Levels and vault maps discovered:
D:1:      dpeg_arrival_three_bigger_balls, layout_loops_ring,
          kennysheep_nondescript, nicolae_nh_oracle_at_delphi
D:2:      layout_loops_corners

Skill      XL: |  1  2  3 |
---------------+----------+-----
Unarmed Combat | 1 2 |  2.0
Armour         | 1 |  1.0
Fighting       | |  0.1
Throwing       | |  1.7
Spellcasting   | |  1.8
Summonings     | |  1.8
Ice Magic      | |  4.9

Action                     || total
---------------------------++-------
  Melee: Unarmed           ||   140
         Dagger            ||    23
         Punch             ||     2
 Armour: Plate armour      ||   175
  Dodge: Dodged            ||    24

Table legend: (Time is in decaauts)
 A = Elapsed time spent in this place.
 B = Non-inter-level travel time spent in this place.
 C = Inter-level travel time spent in this place.
 D = Time resting spent in this place.
 E = Time spent auto-exploring this place.
 F = Levels seen in this place.
 G = Mean time per level.
                   A        B        C        D        E       F      G
               +--------+--------+--------+--------+--------+-----+--------+
         Total |   1505 |   1146 |    359 |     75 |    768 |   2 |  752.5 |
       Dungeon |   1505 |   1146 |    359 |     75 |    768 |   2 |  752.5 |
               +--------+--------+--------+--------+--------+-----+--------+

Top non-repeatable levels by time:
     D:1: 1220 daAuts
     D:2: 284 daAuts
